AoeStats
← Dannu

Arena

506292893Analyzed
3v3 RM · 18d ago on Sep 13, 2026· 40m 15s· 6 players
Game mode
Random Map
Map size
Normal (6 player)
Population
200
Speed
Normal
Resources
Standard
Victory
Conquest
Starting age
Dark Age
Ending age
Imperial Age
RankedLock teamsTeams togetherTeam positionsShared explorationLock speedFull tech treeHidden civsTurbo modeCheats
Victory
Defeat
🇦🇺 Spanish · Australia
952
+16
🇦🇺 Japanese · Australia
932
+17
🇨🇳 Khmer · China
924
+17
🇺🇸 Franks · United States
957
-49
🇨🇦 Portuguese · Canada
950
-17
🇨🇱 Burgundians · Chile
933
-16
Smash
0:31 Loom
10:19 Feudal Age
13:18 Horse Collar
13:28 Double-Bit Axe
17:38 Castle Age
17:15 Town Watch
22:21 Murder Holes
22:53 Heavy Plow
24:19 Bow Saw
25:57 Ballistics
26:17 Stone Mining
26:10 Treadmill Crane
26:41 Guard Tower
28:57 Fletching
29:38 Bodkin Arrow
34:24 Imperial Age
32:32 Scale Mail Armor
32:07 Pikeman
32:47 Squires
33:16 Squires
34:19 Caravan
34:31 Halberdier
36:57 Bracer
37:14 Chain Mail Armor
38:01 Hoardings
38:59 Kataparuto
39:17 Yasama
40:01 Plate Mail Armor
39:34 Arson
41:28 Chemistry
41:05 Keep
Victor_Wembanyama
12:03 Feudal Age
13:23 Double-Bit Axe
16:54 Castle Age
16:26 Horse Collar
17:54 Bow Saw
17:45 Heavy Plow
19:47 Stone Mining
22:37 Loom
25:27 Gold Mining
26:15 Caravan
26:21 Husbandry
29:15 Fletching
31:00 Wheelbarrow
30:13 Town Watch
31:48 Bloodlines
32:51 Scale Barding Armor
34:19 Hand Cart
36:45 Imperial Age
34:19 Light Cavalry
35:16 Forging
37:03 Elite Conquistador
39:17 Iron Casting
38:38 Bodkin Arrow
一悟
11:43 Feudal Age
14:26 Castle Age
12:46 Double-Bit Axe
12:45 Horse Collar
15:45 Bow Saw
15:39 Heavy Plow
25:05 Wheelbarrow
26:05 Gold Mining
26:08 Stone Mining
26:35 Hand Cart
26:06 Loom
27:13 Bloodlines
27:04 Husbandry
27:46 Gold Shaft Mining
27:48 Stone Shaft Mining
31:37 Imperial Age
30:31 Forging
30:26 Scale Barding Armor
31:15 Tusk Swords
32:50 Iron Casting
32:36 Chain Barding Armor
31:54 Cavalier
34:45 Blast Furnace
33:38 Elite Battle Elephant
35:15 Conscription
Munch_Man00
11:00 Feudal Age
32:17 Man-at-Arms
35:27 Castle Age
Broseidon
12:29 Feudal Age
13:20 Double-Bit Axe
22:24 Castle Age
21:22 Horse Collar
23:43 Gold Mining
31:12 Imperial Age
29:48 Scale Barding Armor
29:53 Forging
29:45 Fletching
31:29 Fortified Wall
31:24 Bodkin Arrow
32:05 Iron Casting
32:02 Siege Engineers
32:21 Light Cavalry
33:18 Bloodlines
34:13 Conscription
35:07 Elite Organ Gun
35:51 Husbandry
37:20 Chemistry
39:19 Blast Furnace
38:40 Chain Barding Armor
Dannu
12:16 Feudal Age
10:48 Double-Bit Axe
10:48 Horse Collar
11:26 Gold Mining
16:51 Castle Age
15:35 Bow Saw
15:33 Heavy Plow
16:49 Stone Mining
18:34 Two-Man Saw
20:51 Crop Rotation
22:46 Wheelbarrow
21:57 Town Watch
25:47 Burgundian Vineyards
26:31 Hand Cart
30:39 Imperial Age
27:58 Loom
29:41 Scale Barding Armor
29:50 Forging
29:03 Cavalier
29:44 Husbandry
31:15 Gold Shaft Mining
31:44 Chain Barding Armor
32:03 Iron Casting
31:52 Paladin
33:47 Plate Barding Armor
34:16 Blast Furnace
34:21 Fletching
Connection lost

Rejoining the realm…

Still unreachable

The connection could not be restored.

Session expired

The server has moved on; the page needs a fresh start.